 Dungeon Crawl Stone Soup version 0.30-a0-912-ge10d75a369 (webtiles) character file.

Game seed: 13269067975640889870

179 Conn the Firebug (level 5, -2/35 HPs)
             Began as an Octopode Fire Elementalist on Mar 19, 2023.
             Slain by a sleepcap (3 damage)
             ... on level 5 of the Dungeon.
             The game lasted 00:06:34 (2617 turns).

Conn the Firebug (Octopode Fire Elementalist)       Turns: 2617, Time: 00:06:35

Health: -2/35      AC:  1    Str:  8    XL:     5   Next: 59%
Magic:  1/8        EV: 13    Int: 19    God:
Gold:   171        SH:  0    Dex: 12    Spells: 2/8 levels left

rFire   + . .      SeeInvis .    k - +2 mace (protect)
rCold   + . .      Faith    .    (no shield)
rNeg    . . .      Spirit   .    (helmet restricted)
rPois   +          Reflect  .    (no amulet)
rElec   +          Rampage  .    (no ring)
rCorr   +                        (no ring)
Will    .....                    (no ring)
Stlth   +++                      (no ring)
HPRegen 0.25/turn                (no ring)
MPRegen 0.11/turn                (no ring)
                                 (no ring)
                                 (no ring)

@: resistant, very slightly contaminated
A: almost no armour, amphibious, 8 rings, camouflage 1, gelatinous body 1,
(nimble swimmer 1), tentacles
a: no special abilities


You were on level 5 of the Dungeon.
You visited 1 branch of the dungeon, and saw 5 of its levels.

You collected 215 gold pieces.
You spent 44 gold pieces at shops.

Inventory:

Hand Weapons
 b - a +0 dagger
 c - a +0 dagger of electrocution
 j - a +2 vampiric dagger
 k - a +2 mace of protection (weapon)
Scrolls
 g - a scroll of amnesia
 l - a scroll of blinking
Potions
 a - a potion of magic
 d - a potion of attraction
 e - 2 potions of resistance
 f - 2 potions of flight
 i - a potion of mutation {unknown}


   Skills:
 * Level 2.4 Fighting
 - Level 0.3 Short Blades
 * Level 1.6 Maces & Flails
 * Level 2.9 Dodging
 - Level 3.5 Stealth
 - Level 2.3 Spellcasting
 - Level 1.2 Conjurations
 - Level 3.7 Fire Magic


You had 2 spell levels left.
You knew the following spells:

 Your Spells              Type           Power      Damage    Failure   Level
a - Foxfire               Conj/Fire      44%        2x1d6     6%          1
c - Inner Flame           Hex/Fire       9%         N/A       22%         3
e - Scorch                Fire           32%        2d7       5%          2

Your spell library contained the following spells:

 Spells                   Type           Power      Damage    Failure   Level
 Kindle Blastsparks       Fire/Tloc/Air  12%        2d11      30%         3
 Flame Wave               Conj/Fire      11%        2d6       52%         4


Dungeon Overview and Level Annotations

Branches:
Dungeon (5/15)
 Temple: D:4-7

Altars:

Shops:
D:1 ?

Annotations:
D:4 Menkaure


Innate Abilities, Weirdness & Mutations

You cannot wear most types of armour.
You are amphibious.
You can wear up to eight rings at the same time.
Your skin changes colour to match your surroundings (Stealth+).
Your rubbery body absorbs attacks. (AC +1, EV +1)
((You are camouflaged when in or above water. (Stealth+)))
You have tentacles for arms and can constrict up to eight enemies at once.


Message History

You conjure some foxfire!
The sleepcap barely misses you. The sleepcap releases spores at you.
You are engulfed in a cloud of soporific spores!
You fall asleep.
The sleepcap barely misses you. The sleepcap releases spores at you.
You wake up.
You are engulfed in a cloud of soporific spores!
You are unaffected.
Your foxfire dissipates!
The foxfire hits the sleepcap but does no damage.
Casting: Foxfire (safe; 6% risk of failure)
Confirm with . or Enter, or press ? or * to list all spells.
You conjure some foxfire!
The sleepcap releases spores at you!
You are engulfed in a cloud of soporific spores!
You are unaffected.
The sleepcap releases spores at you!
* * * LOW HITPOINT WARNING * * *
You are engulfed in a cloud of soporific spores!
You are unaffected.
Your foxfire dissipates!
The sleepcap attacks as you move away! The sleepcap closely misses you.
You feel yourself speed up.
The foxfire hits the sleepcap.
Flame seeps out of the sleepcap.
The sleepcap is lightly damaged.
The sleepcap is engulfed in blazing flames.
Flame seeps out of the sleepcap.
Press: ? - help, v - describe, . - travel
Here: a sleepcap (severely damaged, inner flame)
The floor.
Unknown command.
Unknown command.
Unknown command.
As you read the scroll of fear, it crumbles to dust.
You assume a fearsome visage.
The phantom is unaffected.
The sleepcap is unaffected.
The jelly looks frightened!
The sleepcap releases spores at you.
* * * LOW HITPOINT WARNING * * *
It was a potion of resistance.
You feel protected. The sleepcap releases spores at you.
You die...

#........# ########
####..#### #......# #.†##
#......# #.## #......# #.#
#..J...# #######.### #......#
..........# #......####
..........##### #..........
............@f###......#####.
######.....##.°W.J.....##...
#.###..######......#.# #.
##... #.####...# #. ##.# #.#
##..## .. #.# #.##....# . #.#
#.#..##... #...##...# ###.#
........####### #


You could see a phantom, a sleepcap (inner flame) and a jelly (fleeing).

Vanquished Creatures
  A scorpion (D:5)
  A gnoll (D:1)
  3 adders
  A worm (D:3)
  A dart slug (D:3)
  2 orcs
  7 endoplasms
  2 giant cockroaches
  7 goblins
  5 hobgoblins
  4 jackals (D:2)
  3 quokkas
  7 ball pythons
  9 bats
  3 frilled lizards
  10 kobolds
  6 rats
72 creatures vanquished.

Vanquished Creatures (others)
  151 foxfires
151 creatures vanquished.

Grand Total: 223 creatures vanquished

Notes
Turn   | Place    | Note
-------+----------+-------------------------------------------
     0 | D:1      | Conn the Octopode Fire Elementalist began the quest for the
                  | Orb.
     0 | D:1      | Reached XP level 1. HP: 11/11 MP: 3/3
    90 | D:1      | Reached XP level 2. HP: 17/17 MP: 5/5
   342 | D:1      | Reached skill level 1 in Fighting
   454 | D:1      | Reached XP level 3. HP: 8/23 MP: 3/6
   457 | D:1      | Learned a level 2 spell: Scorch
   461 | D:1      | Learned a level 3 spell: Inner Flame
   552 | D:1      | Found Punkynk's Magic Scroll Emporium.
   560 | D:1      | Bought a scroll of fear for 44 gold pieces
  1202 | D:2      | Found a faded altar of an unknown god.
  1211 | D:2      | Reached XP level 4. HP: 28/28 MP: 4/7
  2419 | D:3      | You fall into a shaft and drop 2 floors!
  2419 | D:5      | Entered Level 5 of the Dungeon
  2480 | D:4      | Noticed Menkaure
  2498 | D:5      | Noticed a scorpion
  2507 | D:5      | Killed a scorpion
  2508 | D:5      | Reached skill level 1 in Maces & Flails
  2508 | D:5      | Reached XP level 5. HP: 27/35 MP: 0/8
  2596 | D:5      | Noticed a phantom
  2616 | D:5      | HP: 1/35 [sleepcap (5)]
  2617 | D:5      | Slain by a sleepcap

Illustrated notes

Levels and vault maps discovered:
D:1:      dpeg_arrival_subterranean_lakeside_camping, layout_basic,
          serial_shops, shop
D:2:      layout_basic, hellmonk_ecumenical_altar_slurped_away, hex_tiny,
          minivault_4, minmay_crystal_water
D:3:      layout_rooms
D:4:      layout_rooms, mainiacjoe_overflow_tiny_flanked,
          minmay_temple_entry_junction_2, uniq_menkaure
D:5:      black_bear_nest_1, layout_rooms

Skill      XL: |  1  2  3  4 |
---------------+-------------+-----
Fighting       | 1 2 |  2.4
Stealth        | 3 |  3.5
Maces & Flails | 1 |  1.6
Short Blades   | |  0.3
Dodging        | |  2.9
Spellcasting   | |  2.3
Conjurations   | |  1.2
Fire Magic     | |  3.7

Action                     |  1- 3 |  4- 6 || total
---------------------------+-------+-------++-------
  Melee: Dagger            |    30 |    10 ||    40
         Constrict         |     8 |     8 ||    16
         Tentacles         |     5 |     5 ||    10
         Unarmed           |     1 |       ||     1
         Mace              |       |    23 ||    23
   Cast: Foxfire           |    34 |    56 ||    90
         Scorch            |       |     2 ||     2
         Inner Flame       |       |     1 ||     1
    Use: Scroll            |     2 |     4 ||     6
         Potion            |       |     1 ||     1
   Stab: Sleeping          |     7 |     7 ||    14
 Armour: Skin              |     2 |     7 ||     9
  Dodge: Dodged            |    18 |    25 ||    43

Table legend: (Time is in decaauts)
 A = Elapsed time spent in this place.
 B = Non-inter-level travel time spent in this place.
 C = Inter-level travel time spent in this place.
 D = Time resting spent in this place.
 E = Time spent auto-exploring this place.
 F = Levels seen in this place.
 G = Mean time per level.
                   A        B        C        D        E       F      G
               +--------+--------+--------+--------+--------+-----+--------+
         Total |   2625 |   2545 |     80 |      0 |   1930 |   5 |  525.0 |
       Dungeon |   2625 |   2545 |     80 |      0 |   1930 |   5 |  525.0 |
               +--------+--------+--------+--------+--------+-----+--------+

Top non-repeatable levels by time:
     D:1: 1098 daAuts
     D:2: 871 daAuts
     D:3: 450 daAuts
     D:5: 164 daAuts
     D:4: 40 daAuts
